Match 47082083
Unlisted

Match 47082083
End
250 Light Carrier
Panzergrenadier Squad
Panzergrenadier Squad
Construct Light Support Kompanie
Combat Half-tracks
250 Light Carrier
Construct Mechanized Kompanie
Selects Armored Support Battlegroup
Selects Superior Fire Drills
250 Light Carrier
8 Rad Armored Car
8 Rad Armored Car
Panzerjäger Mechanized Group
Support Armor Elements
Selects Flammpanzer III Medium Tank
Flammpanzer III Medium Tank
Selects Salvage Kits
Pak 38 Anti-tank Gun Team
Rapid Advance
Flammpanzer III Medium Tank
Emergency Repair Kits
Marder III Tank Destroyer
Marder III Tank Destroyer
Selects Panzer Storm
Vehicle Survival Package
Marder III Tank Destroyer
Kradschützen Motorcycle Team
Kradschützen Motorcycle Team
Kradschützen Motorcycle Team
Kradschützen Motorcycle Team
Kradschützen Motorcycle Team
Kradschützen Motorcycle Team
Be Frabjous
DJBuckCallYo
schnitzel
It's Takotime
Commissar Lord Jaso_x
Dimitrios_x
❋Guildam❋
Crowbar
0
0

Comments sign in to comment!

No comments posted yet!